 Dungeon Crawl Stone Soup version 0.21.0-3-g78d12a8bdd (webtiles) character file.

21953 TehFrederick the Grappler (level 12, -4/118 HPs)
             Began as a Troll Berserker on Jan 16, 2018.
             Was an Elder of Trog.
             Slain by an 11-headed hydra (8 damage)
             ... on level 3 of the Lair of Beasts.
             The game lasted 00:44:11 (10135 turns).

TehFrederick the Grappler (Troll Berserker)        Turns: 10135, Time: 00:44:12

Health: -4/118     AC:  9    Str: 32    XL:     12   Next: 58%
Magic:  20/20      EV: 11    Int:  5    God:    Trog [****..]
Gold:   715        SH: 19    Dex:  9    Spells: 11/11 levels left

rFire    + . .     SeeInvis +     - Unarmed
rCold    + . .     Gourm    +   E - +0 large shield
rNeg     . . .     Faith    .   z - +1 animal skin
rPois    .         Spirit   .   (helmet restricted)
rElec    +         Reflect  .   (no cloak)
rCorr    +         Harm     .   (gloves unavailable)
MR       +++..                  (boots unavailable)
Stlth    +.........             h - amulet "Idwinur" {RegenMP rElec rF+ rC+ Slay+2}
HPRegen  1.69/turn              d - ring "Dasica" {MR+ MP+9 SInv}
MPRegen  0.42/turn              w - ring of resist corrosion

@: berserk cooldown, regenerating, hasted and slowed
A: large, unfitting armour, claws 3, molten scales 2, blurry vision 1, clever 1,
fast metabolism 3, gourmand, regeneration 1, shaggy fur 1, tough skin 2,
evolution 2
a: Berserk, Trog's Hand, Brothers in Arms, Burn Spellbooks, Renounce Religion


You were on level 3 of the Lair of Beasts.
You worshipped Trog.
Trog was greatly pleased with you.
You were full.

You visited 3 branches of the dungeon, and saw 15 of its levels.

You collected 865 gold pieces.
You spent 150 gold pieces at shops.

Inventory:

Missiles
 i - 2 throwing nets
 n - 11 large rocks
 I - 4 javelins of returning (quivered)
Armour
 z - a +1 animal skin (worn)
 E - a +0 large shield (worn)
Jewellery
 d - the ring "Dasica" (left claw) {MR+ MP+9 SInv}
   (You found it on level 6 of the Dungeon)

   [ring of magical power]

   It affects your resistance to hostile enchantments.
   It affects your magic capacity (+9).
   It lets you see invisible.
 h - the amulet "Idwinur" (around neck) {RegenMP rElec rF+ rC+ Slay+2}
   (You found it on level 6 of the Dungeon)

   [amulet of magic regeneration]

   It increases your magic regeneration.
   It affects your accuracy and damage with ranged weapons and melee attacks
   (+2).
   It protects you from fire.
   It protects you from cold.
   It insulates you from electricity.
 w - a ring of resist corrosion (right claw)
 x - an uncursed ring of protection from cold
 K - a +4 ring of dexterity
Wands
 q - a wand of random effects (49)
 s - a wand of disintegration (18)
 t - a wand of paralysis (5)
 u - a wand of digging (16)
 B - a wand of polymorph (26)
 F - a wand of iceblast (6)
Scrolls
 a - a scroll of immolation {unknown}
 c - 3 scrolls of enchant weapon
 e - 8 scrolls of teleportation
 f - 8 scrolls of remove curse {unknown}
 g - 5 scrolls of fog {unknown}
 j - 7 scrolls of fear
 k - 2 scrolls of magic mapping {unknown}
 v - 3 scrolls of amnesia {unknown}
 y - a scroll of noise {unknown}
 A - 2 scrolls of identify
 C - 2 scrolls of vulnerability {unknown}
Potions
 l - 6 potions of curing
 m - 2 potions of heal wounds
 o - 3 potions of lignification
 p - a potion of flight
 r - 3 potions of haste
 D - 2 potions of might
 H - a potion of brilliance
Books
 G - a book of Maledictions

   Spells                             Type                      Level
   a - Corona                         Hexes                        1
   b - Ensorcelled Hibernation        Hexes/Ice                    2
   c - Confuse                        Hexes                        3
   d - Tukima's Dance                 Hexes                        3
   e - Dazzling Spray                 Conjuration/Hexes            3
   Trog disapproves of the use of such an item.
Miscellaneous
 J - a lightning rod (4/4)
Comestibles
 b - 34 rations


   Skills:
 + Level 7.4 Fighting
 + Level 7.4 Throwing
 + Level 7.3 Dodging
 * Level 9.4 Shields
 * Level 11.7 Unarmed Combat


You had 11 spell levels left.
You didn't know any spells.

Dungeon Overview and Level Annotations

Branches:
Dungeon (11/15)            Temple (1/1) D:7            Lair (3/6) D:11
  Snake (0/4) Lair:2          Orc (0/2) D:11
  Swamp: Lair:2-4    Shoals: Lair:2-4

Altars:
Ashenzari
Cheibriados
Dithmenos
Elyvilon
Fedhas
Gozag
Hepliaklqana
Kikubaaqudgha
Makhleb
Nemelex Xobeh
Okawaru
Qazlal
Ru
Sif Muna
Trog
Uskayaw
Vehumet
Wu Jian
Xom
Yredelemnul
Zin
The Shining One

Shops:
D:5 !   D:7 }*=%[   D:8 (

Annotations:
D:8 exclusion: ice statue


Innate Abilities, Weirdness & Mutations

You are too large for most types of armour.
You have claws for hands.
Your metabolism is lightning-fast.
You like to eat raw meat.
Your natural rate of healing is unusually fast.
You are covered in fur. (AC +1)
You have very tough skin. (AC +2)
You are mostly covered in molten scales. (AC +3)
Scrolls take you a little longer to read.
Your mind is acute. (Int +2)
You rapidly evolve.


Message History

The 11-headed hydra barely misses you.
The 11-headed hydra bites you but does no damage.
You block the porcupine's attack. The spiny frog closely misses you.
An electric eel comes into view.
You feel a strong urge to attack something.
You are no longer berserk.
You are exhausted.
You feel yourself slow down.
You feel much better. You block the porcupine's attack.
You feel yourself speed up. You block the porcupine's attack.
The 11-headed hydra bites you!
* * * LOW HITPOINT WARNING * * *
You block the 11-headed hydra's attack. x2
The 11-headed hydra bites you but does no damage. x2
The 11-headed hydra bites you.
* * * LOW HITPOINT WARNING * * *
The 11-headed hydra bites you!
* * * LOW HITPOINT WARNING * * *
The 11-headed hydra bites you!
You die...

≈≈≈P............
P.P.........><..
...............
###...........
#..........# ## ##.......#
##.##.....F.#.#
#........rD#### ###.#..
#........@P# .#....#
........†.## #....#♣
........### ##### #...#.♣
......[..# ##....##....≈≈
.........## #.#.........♣≈
....<.....####.P≈.........
..........##PP≈♣≈P........
........### #P≈≈≈....##≈P.
........# #P.....###≈≈.


You could see a 11-headed hydra, a spiny frog and a porcupine.

Vanquished Creatures
  The ghost of Tenshin the Impaler, a journeyman MfSk of the Shining One (D:11)
  Harold (Lair:2)
  A hydra (D:11)
  2 two-headed ogres
  The ghost of Gargoyl the Chopper, a novice CeAK of Lugonu (D:5)
  A cyclops (D:11)
  Maurice (D:10)
  4 yaktaurs (D:11)
  4 spiny frogs
  4 komodo dragons
  A rime drake (Lair:2)
  A troll (D:11)
  Prince Ribbit (D:7)
  4 dream sheep (Lair:3)
  A hippogriff (D:9)
  4 hogs (D:8)
  Sigmund (D:3)
  2 basilisks
  27 yaks
  A human (D:8)
  Grum (D:8)
  2 hungry ghosts (D:10)
  3 wargs (D:11)
  4 nagas (Lair:2)
  4 water moccasins
  3 porcupines
  3 ice beasts
  3 phantoms
  A sky beast (D:10)
  2 orc warriors
  2 wolves (D:8)
  7 ogres
  2 centaurs
  5 crocodiles
  A big kobold (D:11)
  11 bullfrogs
  6 scorpions
  5 wights (D:11)
  4 electric eels (Lair:3)
  4 howler monkeys (D:10)
  6 crimson imps
  4 jellies
  3 centaur zombies
  10 hounds
  A centaur skeleton (D:10)
  6 orc priests
  A gnoll shaman (D:4)
  2 bullfrog skeletons
  4 worker ants
  6 orc wizards
  A killer bee zombie (D:9)
  3 hound zombies
  A worker ant zombie (D:9)
  9 gnolls
  11 adders
  A shadow imp (D:11)
  An ooze (D:3)
  2 adder skeletons
  An adder zombie (D:8)
  2 worms
  2 dart slugs
  5 leopard geckos
  38 orcs
  4 ball pythons
  6 bats
  11 giant cockroaches
  9 goblins
  9 hobgoblins
  11 jackals
  20 kobolds
  3 quokkas
  5 rats
334 creatures vanquished.

Vanquished Creatures (others)
  2 fungi (Lair:2)
  2 plants
4 creatures vanquished.

Grand Total: 338 creatures vanquished

Notes
Turn   | Place    | Note
-------+----------+-------------------------------------------
     0 | D:1      | TehFrederick the Troll Berserker began the quest for the Orb.
     0 | D:1      | Reached XP level 1. HP: 22/22 MP: 0/0
   118 | D:1      | Reached XP level 2. HP: 29/29 MP: 1/1
   531 | D:1      | Reached ** piety under Trog
   818 | D:2      | Reached XP level 3. HP: 36/36 MP: 2/2
   883 | D:2      | Reached skill level 1 in Throwing
  1029 | D:2      | Noticed a moth of wrath
  1032 | D:2      | Found a bloodstained altar of Trog.
  1282 | D:2      | Found an opulent altar of Gozag.
  1283 | D:2      | Found a sparkling altar of Nemelex Xobeh.
  1327 | D:2      | Reached XP level 4. HP: 44/44 MP: 3/3
  1552 | D:3      | Reached skill level 4 in Unarmed Combat
  1624 | D:3      | Found a sacrificial altar of Ru.
  1653 | D:3      | Noticed a centaur
  1669 | D:3      | Killed a centaur
  1669 | D:3      | Reached skill level 1 in Shields
  1669 | D:3      | Reached XP level 5. HP: 11/53 MP: 4/4
  1852 | D:3      | Noticed Sigmund
  1863 | D:3      | Killed Sigmund
  1863 | D:3      | Reached XP level 6. HP: 28/61 MP: 5/5
  2187 | D:4      | Reached *** piety under Trog
  2242 | D:4      | Reached skill level 5 in Unarmed Combat
  2248 | D:4      | Reached XP level 7. HP: 25/67 MP: 6/6
  2805 | D:5      | Entered Level 5 of the Dungeon
  2810 | D:5      | Gained mutation: You are partially covered in molten scales. (AC +2) [potion of mutation]
  2810 | D:5      | Gained mutation: You evolve. [potion of mutation]
  2810 | D:5      | Gained mutation: You are mostly covered in molten scales. (AC +3) [potion of mutation]
  3109 | D:5      | Found Fecoul's Distillery.
  3114 | D:5      | Bought a potion of haste for 150 gold pieces
  3123 | D:5      | Reached XP level 8. HP: 73/78 MP: 7/7
  3148 | D:5      | Noticed Gargoyl's ghost (novice CeAK)
  3156 | D:5      | Killed Gargoyl's ghost
  3156 | D:5      | Reached skill level 6 in Unarmed Combat
  3375 | D:5      | Found a shattered altar of Ashenzari.
  3405 | D:6      | Got a heavily runed lead ring
  3419 | D:6      | Found a radiant altar of Vehumet.
  3419 | D:6      | Found a basalt altar of Yredelemnul.
  3669 | D:6      | Got a scintillating graven amulet
  3867 | D:6      | Reached skill level 7 in Unarmed Combat
  3893 | D:6      | Found a sand-covered staircase.
  3955 | D:6      | Gained mutation: You rapidly evolve. [evolution]
  4007 | D:7      | Found Boudo's General Store.
  4035 | D:7      | Reached XP level 9. HP: 56/85 MP: 8/8
  4037 | D:7      | Reached **** piety under Trog
  4082 | D:7      | Noticed Prince Ribbit
  4153 | D:7      | Killed Prince Ribbit
  4153 | D:7      | Reached skill level 5 in Shields
  4161 | D:7      | Found a staircase to the Ecumenical Temple.
  4169 | D:7      | Found Bucuefopp's Armour Emporium.
  4174 | Temple   | Entered the Ecumenical Temple
  4844 | D:6      | Identified the ring "Dasica" {MR+ MP+9 SInv} (You found it on level 6 of the Dungeon)
  4846 | D:6      | Identified the amulet "Idwinur" {RegenMP rElec rF+ rC+ Slay+2} (You found it on level 6 of the Dungeon)
  4930 | D:7      | Found Muive's Jewellery Boutique.
  4949 | D:7      | Found Byclo's Gadget Boutique.
  5065 | D:7      | Found Heurug's Food Emporium.
  5129 | D:7      | Found a deep blue altar of Sif Muna.
  5180 | D:8      | Found Gixof's Weapon Shoppe.
  5281 | D:8      | Noticed Grum
  5290 | D:8      | Killed Grum
  5349 | D:8      | Reached skill level 5 in Fighting
  5458 | D:8      | Reached skill level 5 in Dodging
  5458 | D:8      | Reached skill level 8 in Unarmed Combat
  5589 | D:8      | Found a blossoming altar of Fedhas.
  5682 | D:8      | Reached XP level 10. HP: 96/96 MP: 9/9
  5864 | D:8      | Noticed an ice statue
  6098 | D:9      | Reached skill level 5 in Throwing
  6321 | D:9      | Noticed a two-headed ogre
  6334 | D:9      | Killed a two-headed ogre
  6334 | D:9      | Reached skill level 9 in Unarmed Combat
  6338 | D:9      | Gained mutation: You possess an exceptional clarity of mind. [evolution]
  6738 | D:10     | Entered Level 10 of the Dungeon
  6786 | D:10     | Noticed Maurice
  6802 | D:10     | Killed Maurice
  6883 | D:10     | Reached XP level 11. HP: 105/105 MP: 10/10
  6976 | D:10     | Noticed a two-headed ogre
  6987 | D:10     | Killed a two-headed ogre
  7048 | D:10     | Lost mutation: You possess an exceptional clarity of mind. [evolution]
  7349 | D:11     | Received a gift from Trog
  7373 | D:11     | Noticed a five-headed hydra
  7379 | D:11     | Killed a five-headed hydra
  7379 | D:11     | Reached skill level 10 in Unarmed Combat
  7390 | D:11     | Found a staircase to the Orcish Mines.
  7410 | D:11     | Found a staircase to the Lair.
  7452 | D:11     | Found a shattered altar of Ashenzari.
  7525 | D:11     | Noticed Tenshin's ghost (journeyman MfSk)
  7570 | D:11     | Killed Tenshin's ghost
  7710 | D:11     | Gained mutation: Your mind is acute. (Int +2) [evolution]
  7711 | D:11     | Reached ***** piety under Trog
  7899 | D:11     | Received a gift from Trog
  8000 | Lair:1   | Entered Level 1 of the Lair of Beasts
  8725 | Lair:2   | Reached XP level 12. HP: 17/115 MP: 11/11
  8885 | Lair:2   | Found a staircase to the Snake Pit.
  8891 | Lair:2   | Reached skill level 11 in Unarmed Combat
  8908 | Lair:2   | Received a gift from Trog
  9045 | Lair:2   | Noticed Harold
  9070 | Lair:2   | Killed Harold
  9558 | Lair:2   | Gained mutation: Scrolls take you a little longer to read. [evolution]
 10115 | Lair:3   | Noticed a four-headed hydra
 10130 | Lair:3   | HP: 5/177 [11-headed hydra (6)]
 10135 | Lair:3   | HP: 4/118 [11-headed hydra (11)]
 10135 | Lair:3   | Slain by an 11-headed hydra

Skill      XL: |  1  2  3  4  5  6  7  8  9 10 11 12 |
---------------+-------------------------------------+-----
Throwing       | 1 2 3 4 5 6 7 |  7.4
Unarmed Combat | 4 5 7 8 9 10 11 | 11.7
Fighting       | 3 4 5 6 7 |  7.4
Dodging        | 3 4 5 6 7 |  7.3
Shields        | 1 2 3 4 6 7 8 9 |  9.4

Action                   |  1- 3 |  4- 6 |  7- 9 | 10-12 || total
-------------------------+-------+-------+-------+-------++-------
Melee: Unarmed           |   131 |   122 |   293 |   609 ||  1155
       Punch             |     1 |       |       |       ||     1
Throw: Tomahawk          |       |     4 |     7 |     6 ||    17
       Large rock        |       |       |       |     2 ||     2
       Javelin           |       |       |       |     8 ||     8
Invok: Berserk           |     1 |       |     3 |     6 ||    10
       Trog's Hand       |       |     2 |     4 |     7 ||    13
Evoke: Wand              |       |       |     2 |     3 ||     5
  Use: Scroll            |       |       |     6 |     4 ||    10
       Potion            |       |       |     3 |     5 ||     8
 Stab: Sleeping          |     1 |       |     1 |       ||     2
  Eat: Chunk             |    14 |     9 |    41 |    51 ||   115
Armor: Animal skin       |    46 |    41 |    83 |    98 ||   268
Dodge: Dodged            |    93 |    34 |    81 |   173 ||   381
Block: Shield            |       |    43 |   151 |   106 ||   300
       Large shield      |       |       |       |   326 ||   326
